AoeStats
← MGLZY

Arabia

509044810Analyzed
2v2 RM · 9d ago on Sep 25, 2026· 50m 47s· 4 players
Game mode
Random Map
Map size
Medium (4 player)
Population
200
Speed
Normal
Resources
Standard
Victory
Conquest
Starting age
Dark Age
Ending age
Imperial Age
RankedLock teamsTeams togetherTeam positionsShared explorationLock speedFull tech treeHidden civsTurbo modeCheats
Victory
Defeat
🇨🇳 Magyars · China
1023
+16
🇨🇳 Mongols · China
1021
+16
🇨🇳 Franks · China
1049
-17
🇨🇳 Franks · China
1000
-45
MGLZY
6:52 Loom
9:01 Feudal Age
11:17 Double-Bit Axe
11:36 Horse Collar
18:55 Wheelbarrow
18:14 Gold Mining
21:22 Castle Age
21:09 Bloodlines
21:07 Scale Barding Armor
21:03 Padded Archer Armor
23:05 Husbandry
23:38 Squires
23:40 Fletching
24:33 Gold Shaft Mining
25:14 Leather Archer Armor
25:02 Scale Mail Armor
24:58 Bodkin Arrow
26:46 Pikeman
29:18 Bow Saw
29:10 Heavy Plow
30:36 Hand Cart
31:27 Leather Archer Armor
33:03 Forging
33:50 Town Watch
34:54 Chain Barding Armor
35:09 Iron Casting
39:19 Imperial Age
37:23 Ballistics
37:17 Masonry
38:37 Thumb Ring
38:28 Stone Mining
40:31 Stone Shaft Mining
40:07 Bracer
41:08 Blast Furnace
39:30 Elite Steppe Lancer
40:37 Parthian Tactics
41:14 Chemistry
40:48 Conscription
40:56 Town Patrol
41:49 Elite Mangudai
43:06 Nomads
46:47 Hoardings
49:59 Siege Engineers
MCZZY
7:15 Loom
9:33 Feudal Age
10:18 Double-Bit Axe
10:14 Horse Collar
16:20 Bloodlines
18:05 Town Watch
22:52 Castle Age
20:46 Gold Mining
21:22 Scale Barding Armor
23:41 Husbandry
24:05 Chain Barding Armor
23:13 Pikeman
24:29 Bow Saw
24:20 Heavy Plow
27:16 Fletching
29:29 Town Patrol
29:48 Bodkin Arrow
32:07 Thumb Ring
32:31 Ballistics
32:19 Thumb Ring
32:22 Padded Archer Armor
34:05 Gold Shaft Mining
33:23 Stone Mining
36:33 Imperial Age
35:10 Leather Archer Armor
35:26 Light Cavalry
38:28 Chemistry
38:46 Parthian Tactics
39:17 Conscription
39:04 Heavy Cavalry Archer
40:12 Recurve Bow
41:10 Ring Archer Armor
41:34 Bracer
42:49 Scale Mail Armor
42:11 Halberdier
46:41 Chain Mail Armor
983095378
12:06 Feudal Age
14:53 Loom
18:16 Castle Age
17:15 Double-Bit Axe
20:07 Bow Saw
aaa916_
7:03 Loom
9:43 Feudal Age
16:08 Castle Age
16:15 Double-Bit Axe
22:04 Gold Mining
24:52 Husbandry
26:07 Wheelbarrow
26:07 Town Watch
27:28 Scale Barding Armor
27:34 Forging
29:06 Gold Shaft Mining
28:22 Stone Mining
28:30 Stone Mining
29:13 Chain Barding Armor
29:08 Bow Saw
30:00 Iron Casting
31:58 Hand Cart
37:00 Imperial Age
35:34 Town Patrol
37:04 Cavalier
39:34 Plate Barding Armor
40:00 Blast Furnace
39:24 Conscription
38:29 Ordonnance Companies
39:23 Paladin
40:32 Padded Archer Armor
40:23 Fletching
40:57 Chivalry
43:13 Leather Archer Armor
43:36 Hoardings
43:43 Bodkin Arrow
43:34 Elite Skirmisher
45:21 Arrowslits
46:36 Chemistry
49:30 Chemistry
Connection lost

Rejoining the realm…

Still unreachable

The connection could not be restored.

Session expired

The server has moved on; the page needs a fresh start.